 Dungeon Crawl Stone Soup version 0.32-a0-791-gfc315c9ecd (webtiles) character file.

Game seed: 7132822856691105135

83 porpoise the Poker (level 4, 0/35 HPs)
             Began as a Demonspawn Gladiator on Mar 21, 2024.
             Slain by Crazy Yiuf
             ... wielding a +3 quarterstaff of chaos
              (13 damage)
             ... on level 2 of the Dungeon.
             The game lasted 00:04:04 (1411 turns).

porpoise the Poker (Demonspawn Gladiator)           Turns: 1411, Time: 00:04:04

Health: 0/35       AC:  6    Str: 16    XL:     4   Next: 22%
Magic:  4/4        EV: 10    Int:  9    God:
Gold:   23         SH:  0    Dex: 14    Spells: 3/3 levels left

rFire   . . .        a - +0 trident
rCold   . . .        (no shield)
rNeg    . . .        i - +0 ring mail
rPois   .            c - +0 helmet
rElec   .            (no cloak)
rCorr   .            (no gloves)
SInv    .            (no boots)
Will    .....        (no amulet)
Stlth   +            (no ring)
HPRegen 0.25/turn    (no ring)
MPRegen 0.18/turn

%: no passive effects
@: lethally poisoned (0 -> -9)
A: spiny 1, magic regeneration, weakness stinger 1
a: no special abilities


You were on level 2 of the Dungeon.
You visited 1 branch of the dungeon, and saw 2 of its levels.

You collected 23 gold pieces.

Inventory:

Hand Weapons
 a - a +0 trident (weapon)
Missiles
 d - 3 throwing nets (quivered)
 e - 4 javelins
Armour
 c - a +0 helmet (worn)
 i - a +0 ring mail (worn)
Wands
 h - a wand of polymorph (10)
Scrolls
 f - 5 scrolls of identify
 g - a scroll of fog {unknown}
 j - a scroll of torment {unknown}
 k - a scroll of immolation {unknown}
Potions
 b - a potion of attraction {unknown}


   Skills:
 + Level 3.0 Fighting
 * Level 4.1 Polearms
 - Level 1.7 Throwing
 - Level 2.6 Dodging


You had 3 spell levels left.
You didn't know any spells.
Your spell library contained the following spells:

 Spells                   Type           Power      Damage    Failure   Level
 Cigotuvi's Dreadful Rot  Necr/Alch/Air  0%         N/A       75%         2
 Ignite Poison            Fire/Alch      0%         N/A       100%        4
 Freezing Cloud           Conj/Ice/Air   0%         6-21      100%        5


Dungeon Overview and Level Annotations

Branches:
Dungeon (2/15)

Altars:
Xom

Annotations:
D:2 Crazy Yiuf


Innate Abilities, Weirdness & Mutations

You are partially covered in sharp spines.
You regenerate magic rapidly.
You have a small tail.


Message History

An adder comes into view.
The adder hisses angrily.
You reach to attack!
You closely miss the adder. The adder bites you but does no damage.
You closely miss the adder. The adder is struck by your spines.
The adder bites you but does no damage.
You hit the adder.
You kill the adder!
No target in view!
An endoplasm comes into view.
An endoplasm is nearby!
You reach to attack!
You hit the endoplasm.
You kill the endoplasm!
No target in view!
You see here an adder skeleton.
You see here an adder skeleton.
There is a dry fountain here.
Found an escape hatch in the floor.
There is an escape hatch in the floor here.
There is a dry fountain here.
You see here an adder skeleton.
Crazy Yiuf shouts!
Crazy Yiuf says, "Crazy?
Crazy!?
PORCUPINE!"
Failed to move towards target.
You open the door. You closely miss Crazy Yiuf.
Crazy Yiuf is struck by your spines.
Crazy Yiuf hits you with a +3 quarterstaff of chaos.
You convulse.
You hit Crazy Yiuf but do no damage.
Crazy Yiuf is lightly wounded.
Crazy Yiuf hits you with a +3 quarterstaff of chaos.
You are poisoned.
Crazy Yiuf hits you with a +3 quarterstaff of chaos.
Crazy Yiuf freezes you.
You closely miss Crazy Yiuf.
You tail-slap Crazy Yiuf, but do no damage.
Crazy Yiuf is lightly wounded.
You feel very sick.
Crazy Yiuf hits you with a +3 quarterstaff of chaos!
You die...

#.........#
####.#########
........# ####)##.#
##### #.##.####
#..)# ##.##†##.#
#...# ####
##..##.##.# ...
#..#########
##...##....# #g#
#...........
#..........# ##@#
##)...>...##
...........# #.##
########.##
#.....####.# ##.#
#.## ##.........#
#.## #...
##..####### ##.##
#########... #.....#
#..P## #......#..._
#.###.# #PP..#
######.#.... #.# #.#
##..## #.#.... #.#
#.#
#....#########.#....


You could see Crazy Yiuf.

Vanquished Creatures
  4 adders (D:2)
  A dart slug (D:2)
  3 ball pythons
  7 bats
  4 endoplasms
  3 goblins
  4 hobgoblins
  5 jackals (D:2)
  3 kobolds
  A quokka (D:1)
  3 frilled lizards
  4 rats
42 creatures vanquished.

Notes
Turn   | Place    | Note
-------+----------+-------------------------------------------
     0 | D:1      | porpoise the Demonspawn Gladiator began the quest for the
                  | Orb.
     0 | D:1      | Reached XP level 1. HP: 16/16 MP: 1/1
   152 | D:1      | Reached skill level 3 in Polearms
   197 | D:1      | Gained mutation: You regenerate magic rapidly. [demonic
                  | ancestry]
   197 | D:1      | Reached XP level 2. HP: 21/22 MP: 2/2
   809 | D:2      | Gained mutation: You are partially covered in sharp spines.
                  | [demonic ancestry]
   809 | D:2      | Reached XP level 3. HP: 28/28 MP: 3/3
   822 | D:2      | Found a faded altar of an unknown god.
   918 | D:2      | Found a shimmering altar of Xom.
  1006 | D:2      | Found a runed translucent door.
  1007 | D:2      | Noticed Crazy Yiuf
  1091 | D:2      | Reached skill level 4 in Polearms
  1091 | D:2      | Gained mutation: You have a small tail. [demonic ancestry]
  1091 | D:2      | Reached XP level 4. HP: 32/35 MP: 4/4
  1411 | D:2      | Slain by Crazy Yiuf

Illustrated notes

Levels and vault maps discovered:
D:1:      evilmike_arrival_rings, layout_rooms
D:2:      layout_loops_ring, shapermc_ecumenical_altar_venn, basic_altar,
          uniq_crazy_yiuf_cottage

Skill      XL: |  1  2  3 |
---------------+----------+-----
Polearms       | 3 4 |  4.1
Fighting       | 3 |  3.0
Throwing       | |  1.7
Dodging        | |  2.6

Action                     |  1- 3 |  4- 6 || total
---------------------------+-------+-------++-------
  Melee: Trident           |    98 |     9 ||   107
         Tailslap          |       |     1 ||     1
    Use: Scroll            |     1 |       ||     1
 Armour: Leather armour    |    33 |       ||    33
         Ring mail         |    13 |     6 ||    19
  Dodge: Dodged            |    42 |       ||    42

Table legend: (Time is in decaauts)
 A = Elapsed time spent in this place.
 B = Non-inter-level travel time spent in this place.
 C = Inter-level travel time spent in this place.
 D = Time resting spent in this place.
 E = Time spent auto-exploring this place.
 F = Levels seen in this place.
 G = Mean time per level.
                   A        B        C        D        E       F      G
               +--------+--------+--------+--------+--------+-----+--------+
         Total |   1425 |   1413 |     12 |    211 |    911 |   2 |  712.5 |
       Dungeon |   1425 |   1413 |     12 |    211 |    911 |   2 |  712.5 |
               +--------+--------+--------+--------+--------+-----+--------+

Top non-repeatable levels by time:
     D:2: 739 daAuts
     D:1: 685 daAuts
